 Dungeon Crawl Stone Soup version 0.22.1-1-ga44c0e5 (webtiles) character file.

377 Folque the Slinger (level 7, -2/46 HPs)
             Began as a Halfling Hunter on Sept 21, 2018.
             Slain by an orc
             ... wielding a +0 whip
              (3 damage)
             ... on level 6 of the Dungeon.
             The game lasted 00:18:17 (3507 turns).

Folque the Slinger (Halfling Hunter)                Turns: 3507, Time: 00:18:19

Health: -2/46      AC:  3    Str: 13    XL:     7   Next: 4%
Magic:  7/7        EV: 21    Int:  9    God:
Gold:   76         SH:  0    Dex: 17    Spells: 6/6 levels left

rFire    . . .     SeeInvis .   b - +0 short sword
rCold    . . .     Gourm    .   (shield restricted)
rNeg     . . .     Faith    .   c - +0 leather armour
rPois    .         Spirit   .   (no helmet)
rElec    .         Reflect  .   (no cloak)
rCorr    .         Harm     .   (no gloves)
MR       .....                  (no boots)
Stlth    +++.......             (no amulet)
HPRegen  0.15/turn              k - +6 ring of evasion
MPRegen  0.10/turn              (no ring)

@: lethally poisoned (-2 -> -12)
A: small, mutation resistance 1
a: no special abilities


You were on level 6 of the Dungeon.
You were very hungry.

You visited 1 branch of the dungeon, and saw 5 of its levels.

You collected 76 gold pieces.

Inventory:

Hand Weapons
 a - a +2 hunting sling
 b - a +0 short sword (weapon)
Missiles
 d - 16 sling bullets
 e - 58 stones
 m - 3 tomahawks (quivered)
Armour
 c - a +0 leather armour (worn)
Magical Staves
 t - an uncursed staff of poison
Jewellery
 k - a +6 ring of evasion (left hand)
Scrolls
 j - a scroll of remove curse
Comestibles
 f - 2 rations


   Skills:
 - Level 3.0 Fighting
 - Level 1.1 Short Blades
 * Level 8.5 Slings
 + Level 3.3 Dodging
 - Level 4.1 Stealth


You had 6 spell levels left.
You didn't know any spells.
Your spell library was empty.

Dungeon Overview and Level Annotations

Branches:
Dungeon (6/15)
 Temple: D:4-7

Altars:
Dithmenos
Qazlal


Innate Abilities, Weirdness & Mutations

You are small and have problems with some larger weapons.
You are somewhat resistant to further mutation.


Message History

Press: ? - help, Shift-Dir - straight line, f/p - worker ant
Aim: a worker ant (almost dead)
You throw a tomahawk. The tomahawk hits the worker ant.
You kill the worker ant!
You have reached level 7!
* * * LOW HITPOINT WARNING * * *
You feel sick. The orc misses you.
You hit the orc but do no damage.
* * * LOW HITPOINT WARNING * * *
You feel sick. The orc closely misses you.
Throwing (i - inventory. (/) - cycle)
m - 4 tomahawks (quivered)
Press: ? - help, Shift-Dir - straight line, f - orc
Aim: an orc, wielding a whip and wearing a chain mail You throw a tomahawk.
The tomahawk hits the orc.
The orc is almost dead.
* * * LOW HITPOINT WARNING * * *
You feel sick. The orc hits you with a whip.
* * * LOW HITPOINT WARNING * * *
The orc hits you with a whip.
You die...

#..?######*$..#,,,
#%..#....##...#,,,
#.............#,,,
#.............#,,,
#####.##.###.##,,*
#..##.##.##*,**,,*
#<....#...#,,,,,,,
#o(...#...+,,,,,,,
#@....#...#,,,,,,*
#.....#...#,,,,,,*
#.....##..#*,,,,,*
#.....##..#**####*
#.....#...#,,....,
#.....#..(+,a....*
#.....#...#,.....*
#.....+..(#......,
#.....#..(#......,


You could see an orc.

Vanquished Creatures
  A sky beast (D:6)
  Jessica (D:3)
  A worker ant (D:6)
  Robin (D:3)
  9 gnolls
  6 adders
  An adder skeleton (D:6)
  3 worms
  A dart slug (D:1)
  A leopard gecko (D:2)
  3 orcs (D:6)
  2 ball pythons
  8 bats
  A giant cockroach (D:1)
  11 goblins
  7 hobgoblins
  5 jackals
  3 frilled lizards
  7 kobolds
  10 rats
82 creatures vanquished.

Notes
Turn   | Place    | Note
-------+----------+-------------------------------------------
     0 | D:1      | Folque the Halfling Hunter began the quest for the Orb.
     0 | D:1      | Reached XP level 1. HP: 14/14 MP: 1/1
   107 | D:1      | Reached skill level 6 in Slings
   149 | D:1      | Reached XP level 2. HP: 19/19 MP: 2/2
   489 | D:1      | Reached XP level 3. HP: 15/24 MP: 3/3
   985 | D:2      | Reached XP level 4. HP: 30/30 MP: 4/4
  1241 | D:2      | Found a stormy altar of Qazlal.
  1292 | D:2      | Reached XP level 5. HP: 35/35 MP: 5/5
  1765 | D:3      | Noticed Jessica
  1773 | D:3      | Killed Jessica
  1835 | D:3      | Noticed Robin
  1881 | D:3      | Killed Robin
  1889 | D:3      | Reached skill level 7 in Slings
  2124 | D:3      | Reached skill level 1 in Short Blades
  2206 | D:3      | Found a shadowy altar of Dithmenos.
  2410 | D:3      | Reached XP level 6. HP: 42/42 MP: 6/6
  2996 | D:3      | Found a faded altar of an unknown god.
  3188 | D:3      | You fall through a shaft for 3 floors!
  3188 | D:6      | Noticed a sky beast
  3425 | D:6      | Killed a sky beast
  3425 | D:6      | Reached skill level 8 in Slings
  3461 | D:5      | Entered Level 5 of the Dungeon
  3505 | D:6      | Reached XP level 7. HP: 6/46 MP: 7/7
  3507 | D:6      | HP: 2/46 [poisoned by a worker ant]
  3507 | D:6      | Slain by an orc

Skill      XL: |  1  2  3  4  5  6 |
---------------+-------------------+-----
Slings         | 6 7 8 |  8.5
Fighting       | 2 3 |  3.0
Stealth        | 2 3 4 |  4.1
Short Blades   | 1 |  1.1
Dodging        | 3 |  3.3

Action                   |  1- 3 |  4- 6 |  7- 9 || total
-------------------------+-------+-------+-------++-------
Melee: Short sword       |    78 |   223 |     1 ||   302
 Fire: Hunting sling     |    11 |    87 |       ||    98
Throw: Tomahawk          |       |     6 |     1 ||     7
       Throwing net      |       |     2 |       ||     2
  Use: Potion            |       |     9 |       ||     9
       Scroll            |       |     4 |       ||     4
 Stab: Sleeping          |     1 |     7 |       ||     8
       Invisible         |       |     2 |       ||     2
  Eat: Chunk             |       |     7 |       ||     7
Armor: Leather armour    |    18 |    40 |       ||    58
Dodge: Dodged            |    64 |   288 |     2 ||   354
